 Dungeon Crawl Stone Soup version 0.31.0-12-g77e489cdc1 (webtiles) character file.

Game seed: 15787954176352204050

7 zeram the Caller (level 2, 0/19 HPs)
             Began as a Gnoll Summoner on Feb 21, 2024.
             Slain by a hobgoblin (5 damage)
             ... on level 1 of the Dungeon.
             The game lasted 00:00:41 (300 turns).

zeram the Caller (Gnoll Summoner)                    Turns: 300, Time: 00:00:41

Health: 0/19       AC:  2    Str:  7    XL:     2   Next: 0%
Magic:  6/7        EV: 13    Int: 14    God:
Gold:   9          SH:  0    Dex: 12    Spells: 9/10 levels left

rFire   . . .        f - +0 club
rCold   . . .        (no shield)
rNeg    . . .        a - +0 robe
rPois   .            (no helmet)
rElec   .            (no cloak)
rCorr   .            (no gloves)
SInv    .            (no boots)
Will    .....        (no amulet)
Stlth   ++           (no ring)
HPRegen 0.23/turn    (no ring)
MPRegen 0.10/turn

%: no passive effects
@: no status effects
A: fangs 1, strong nose, distributed training
a: no special abilities


You were on level 1 of the Dungeon.
You visited 1 branch of the dungeon, and saw 1 of its levels.

You collected 9 gold pieces.

Inventory:

Hand Weapons
 f - a +0 club (weapon)
Armour
 a - a +0 robe (worn)
Scrolls
 d - a scroll of enchant armour {unknown}
 e - a scroll of enchant weapon {unknown}
Potions
 b - a potion of magic
 c - a potion of heal wounds {unknown}


   Skills:
 + Level 0.2 Fighting
 + Level 0.2 Short Blades
 + Level 0.2 Long Blades
 + Level 0.2 Axes
 + Level 0.2 Maces & Flails
 + Level 0.2 Polearms
 + Level 0.2 Staves
 + Level 0.2 Ranged Weapons
 + Level 0.2 Throwing
 + Level 0.2 Armour
 + Level 4.4 Dodging
 + Level 4.0 Stealth
 + Level 0.2 Shields
 + Level 0.2 Unarmed Combat
 + Level 4.9 Spellcasting
 + Level 0.1 Conjurations
 + Level 0.1 Hexes
 + Level 7.0 Summonings
 + Level 0.1 Necromancy
 + Level 0.1 Translocations
 + Level 0.1 Fire Magic
 + Level 0.1 Ice Magic
 + Level 0.1 Air Magic
 + Level 0.1 Earth Magic
 + Level 0.1 Alchemy
 + Level 0.3 Invocations
 + Level 0.2 Evocations
 + Level 0.2 Shapeshifting


You had 9 spell levels left.
You knew the following spells:

 Your Spells              Type           Power      Damage    Failure   Level
a - Summon Small Mammal   Summ           92%        N/A       1%          1

Your spell library contained the following spells:

 Spells                   Type           Power      Damage    Failure   Level
 Call Imp                 Summ           46%        N/A       1%          2
 Call Canine Familiar     Summ           23%        N/A       3%          3
 Summon Ice Beast         Ice/Summ       13%        N/A       12%         3
 Summon Blazeheart Golem  Fire/Summ      13%        N/A       36%         4
 Summon Lightning Spire   Summ/Air       13%        N/A       36%         4
 Fugue of the Fallen      Necr           3%         N/A       45%         3
 Hailstorm                Conj/Ice       3%         3d5       45%         3
 Ozocubu's Armour         Ice            3%         N/A       45%         3
 Manifold Assault         Tloc           3%         N/A       86%         4
 Sculpt Simulacrum        Ice/Alch       1%         N/A       100%        6


Dungeon Overview and Level Annotations

Branches:
Dungeon (1/15)

Altars:


Innate Abilities, Weirdness & Mutations

You have very sharp teeth.
Your uncanny sense of smell can sniff out nearby items.
Your experience applies equally to all skills.


Message History

The hobgoblin hits you.
You barely miss the hobgoblin.
The hobgoblin is lightly wounded.
The hobgoblin closely misses you.
You barely miss the hobgoblin.
The hobgoblin is lightly wounded.
The hobgoblin hits you but does no damage.
You closely miss the hobgoblin.
The hobgoblin is lightly wounded.
The hobgoblin misses you. The hobgoblin completely misses you.
You barely miss the hobgoblin.
The hobgoblin is lightly wounded.
The hobgoblin hits you.
You closely miss the hobgoblin.
The hobgoblin is lightly wounded.
The hobgoblin misses you.
You hit the hobgoblin.
The hobgoblin is lightly wounded.
The hobgoblin hits you. The hobgoblin closely misses you.
You barely miss the hobgoblin.
The hobgoblin is lightly wounded.
The hobgoblin misses you.
You hit the hobgoblin but do no damage.
The hobgoblin is lightly wounded.
The hobgoblin hits you.
Casting: Summon Small Mammal (safe; 1% risk of failure)
Confirm with . or Enter, or press ? or * to list all spells.
The hobgoblin hits you.
* * * LOW HITPOINT WARNING * * *
There is an open door here.
Your quokka barely misses the hobgoblin.
You hit the hobgoblin. You punch the hobgoblin.
The hobgoblin is severely wounded.
Your quokka bites the hobgoblin.
The hobgoblin closely misses your quokka.
Your quokka barely misses the hobgoblin.
You closely miss the hobgoblin.
The hobgoblin is almost dead.
The hobgoblin hits you.
You die...

## ... #.# #+## ...
#...## ####.#
#.....#
#####.##.###>......
.......#.##r.......
#......@g........
##...#.##........
###..#...##.......
#..†...#.# #.....#
#.###.#[##...#
#...##
#.......###### #+##
##........#
#.##.###.# #
#.###†####


You could see a hobgoblin (ally target) and a friendly quokka (summoned).

Vanquished Creatures
  2 endoplasms (D:1)
  A kobold (D:1)
  A ball python (D:1)
  A rat (D:1)
5 creatures vanquished.

Vanquished Creatures (collateral kills)
  A goblin (D:1)
1 creature vanquished.

Grand Total: 6 creatures vanquished

Notes
Turn   | Place    | Note
-------+----------+-------------------------------------------
     0 | D:1      | zeram the Gnoll Summoner began the quest for the Orb.
     0 | D:1      | Reached XP level 1. HP: 13/13 MP: 6/6
   262 | D:1      | Reached XP level 2. HP: 16/19 MP: 7/7
   300 | D:1      | Slain by a hobgoblin

Illustrated notes

Levels and vault maps discovered:
D:1:      wheals_arrival_shading, layout_loops_corners

Action                     || total
---------------------------++-------
  Melee: Unarmed           ||    18
         Club              ||    19
         Bite              ||     3
         Punch             ||     2
   Cast: Summon Small Mamm ||     4
   Stab: Sleeping          ||     2
 Armour: Robe              ||    24
  Dodge: Dodged            ||    20
